[Event "*** SCC Grand Prix: Titled Tuesday Blitz"]
[Site "Chess.com"]
[Date "2020.06.09"]
[Round "4"]
[White "Firegrizzly"]
[Black "TrickyFortem"]
[Result "1-0"]
[WhiteElo "2586"]
[BlackElo "2374"]
[TimeControl "180+1"]
[EndTime "9:36:52 PDT"]
[Termination "Firegrizzly won by resignation"]

1. d4 Nf6 2. Nf3 g6 3. Bg5 Bg7 4. Nbd2 d5 5. e3 O-O 6. Be2 c5 7. c3 b6 8. O-O Bb7 9. a4 Nbd7 10. h3 Re8 11. Qb3 Qc7 12. Bf4 Qc8 13. a5 Ne4 14. Nxe4 dxe4 15. Ng5 e6 16. f3 exf3 17. Nxf3 Nf6 18.
Ne5 Nd5 19. a6 Nxf4 20. exf4 Bd5 21. c4 Be4 22. d5 exd5 23. cxd5 Qc7 24. d6 Qxd6 25.
Qxf7+ Kh8 26. Qxe8+ Rxe8 27. Nf7+ Kg8 28. Nxd6 1-0

[Event "*** SCC Grand Prix: Titled Tuesday Blitz"]
[Site "Chess.com"]
[Date "2020.06.09"]
[Round "4"]
[White "GuuBol"]
[Black "Arjun2002"]
[Result "0-1"]
[WhiteElo "2224"]
[BlackElo "2643"]
[TimeControl "180+1"]
[EndTime "9:36:54 PDT"]
[Termination "Arjun2002 won by resignation"]

1. e4 c5 2. d4 cxd4 3. c3 dxc3 4. Nxc3 Nc6 5. Nf3 d6 6. Bc4 a6 7. O-O Nf6 8. Bf4 Bg4 9. h3 Bxf3 10. Qxf3 e6 11.
Rfd1 Qb6 12. Rd2 Be7 13. Rad1 O-O 14. a3 Rfd8 15. b4 Ne5 16. Bxe5 dxe5 17. Bb3 Rac8 18. Rxd8+ Rxd8 19. Rxd8+ Qxd8 20. Qe3 Qd4 21. Qe1 g6 22. Na4 Qxe4 23. Qxe4 Nxe4 24. Kf1 Nd2+ 0-1

[Event "*** SCC Grand Prix: Titled Tuesday Blitz"]
[Site "Chess.com"]
[Date "2020.06.09"]
[Round "4"]
[White "Shtembuliak"]
[Black "MirMan90"]
[Result "1-0"]
[WhiteElo "2864"]
[BlackElo "2658"]
[TimeControl "180+1"]
[EndTime "9:36:56 PDT"]
[Termination "Shtembuliak won by resignation"]

1. c4 e5 2. Nc3 Nc6 3. e3 g6 4. Nf3 Bg7 5. d4 exd4 6. exd4 d6 7. d5 Ne5 8. Nxe5 Bxe5 9. Be2 Bg7 10. O-O Ne7 11. Bf4 h6 12. Bd3 O-O 13. Qd2 g5 14. Be3 Bf5 15. f4 g4 16. Ne2 Qd7 17. Ng3 Rae8 18.
Rae1 Bxd3 19. Qxd3 f5 20. Bd4 Bxd4+ 21. Qxd4 c5 22.
Qc3 b5 23. Nh5 Ng6 24. Nf6+ Rxf6 25. Qxf6 1-0

[Event "*** SCC Grand Prix: Titled Tuesday Blitz"]
[Site "Chess.com"]
[Date "2020.06.09"]
[Round "4"]
[White "Skatchkov_V"]
[Black "Lovinski"]
[Result "1-0"]
[WhiteElo "2548"]
[BlackElo "2355"]
[TimeControl "180+1"]
[EndTime "9:36:58 PDT"]
[Termination "Skatchkov_V won by resignation"]

1. d4 d5 2. Nf3 e6 3. c4 a6 4.
cxd5 exd5 5. Nc3 Nf6 6. Bg5 Be6 7. e3 Nbd7 8. Bd3 Bd6 9. O-O O-O 10. Qc2 h6 11. Bf4 Qe7 12. Rae1 Bg4 13. Nd2 c5 14. Bxd6 Qxd6 15. dxc5 Nxc5 16. Bf5 Bxf5 17. Qxf5 d4 18.
exd4 Qxd4 19. Nf3 Qb4 20. a3 Qxb2 21. Qxc5 Rac8 22. Na4 Qb3 23. Qb4 1-0

[Event "*** SCC Grand Prix: Titled Tuesday Blitz"]
[Site "Chess.com"]
[Date "2020.06.09"]
[Round "4"]
[White "Andreikka"]
[Black "PavelShkapenko"]
[Result "1-0"]
[WhiteElo "2905"]
[BlackElo "2676"]
[TimeControl "180+1"]
[EndTime "9:37:01 PDT"]
[Termination "Andreikka won by resignation"]

1. c4 Nf6 2. Nc3 e6 3. e4 c5 4. e5 Ng8 5. d4 cxd4 6. Qxd4 Nc6 7. Qf4 d6 8. Nf3 Nge7 9. exd6 Ng6 10. Qe4 Bxd6 11.
Bd2 f5 12. Qc2 e5 13. O-O-O e4 14. Bg5 Qd7 15. Nb5 Bb8 16. Rxd7 Bxd7 17. Nfd4 O-O 18. Be2 Be5 19. Nxc6 Bxc6 20. Rd1 Bxb5 21. cxb5 Rac8 22. Bc4+ Kh8 23. g3 h6 24. Be3 Bf6 25. Kb1 Ne5 26. b3 b6 27. a4 Rc7 28. Bf4 Rfc8 29. Bxe5 Bxe5 30. Rd5 Re7 31. Qd1 Rf8 32. Rd7 Rxd7 33.
Qxd7 f4 34. Qe7 1-0

[Event "*** SCC Grand Prix: Titled Tuesday Blitz"]
[Site "Chess.com"]
[Date "2020.06.09"]
[Round "4"]
[White "queen_iryna"]
[Black "MichailovM"]
[Result "1-0"]
[WhiteElo "2329"]
[BlackElo "2454"]
[TimeControl "180+1"]
[EndTime "9:37:05 PDT"]
[Termination "queen_iryna won by resignation"]

1. d4 Nf6 2. Bg5 d5 3. Nf3 e6 4. c4 Nbd7 5. Nc3 Be7 6. e3 O-O 7. Bd3 b6 8. cxd5 Nxd5 9. Bxe7 Qxe7 10. O-O c5 11. Rc1 Bb7 12. Bb1 Rac8 13. Nxd5 exd5 14. Qd3 g6 15. Rfd1 Rfe8 16. a3 Nf8 17. Ne5 Ne6 18. Nf3 c4 19. Qc2 b5 20. Ne5 f6 21. Ng4 Kg7 22.
h4 h5 23. Qxg6+ Kf8 24. Nxf6 1-0

[Event "*** SCC Grand Prix: Titled Tuesday Blitz"]
[Site "Chess.com"]
[Date "2020.06.09"]
[Round "4"]
[White "NicoChasin"]
[Black "froylanajedrez"]
[Result "0-1"]
[WhiteElo "2461"]
[BlackElo "2346"]
[TimeControl "180+1"]
[EndTime "9:37:09 PDT"]
[Termination "froylanajedrez won by checkmate"]

1. e4 c5 2. Nf3 Nc6 3. d4 cxd4 4. Nxd4 g6 5. Nc3 Bg7 6. Be3 Nf6 7. f3 O-O 8. Bc4 Qb6 9. Bb3 Nxe4 10. Nd5 Qa5+ 11. c3 Nc5 12. Nxc6 dxc6 13. Nxe7+ Kh8 14. Qd6 Nxb3 15. axb3 Qxa1+ 16. Kf2 Qxb2+ 17. Kg3 Qxc3 18. Bf4 Be6 19. Rc1 Qd4 20. Qc7 Qd7 21. b4 Qxc7 22.
Bxc7 Rfe8 23. Bd6 Bf6 24. Nxc6 bxc6 25. Rxc6 Rac8 26. Ra6 Rc4 27. Rxa7 Bh4# 0-1

[Event "*** SCC Grand Prix: Titled Tuesday Blitz"]
[Site "Chess.com"]
[Date "2020.06.09"]
[Round "4"]
[White "Aradej"]
[Black "CalinGheorghiu"]
[Result "1-0"]
[WhiteElo "2496"]
[BlackElo "2337"]
[TimeControl "180+1"]
[EndTime "9:37:10 PDT"]
[Termination "Aradej won by resignation"]

1. d4 Nf6 2. Nf3 d5 3. e3 c5 4.
Bd3 Nc6 5. O-O g6 6. c3 c4 7.
Bc2 Bg7 8. Nbd2 Bf5 9. Re1 O-O 10. e4 dxe4 11. Nxe4 Nxe4 12. Bxe4 Bxe4 13. Rxe4 Qd5 14. Re1 e5 15. dxe5 Qxd1 16. Rxd1 Nxe5 17. Nxe5 Bxe5 18.
Be3 Rfd8 19. Rxd8+ Rxd8 20. Bxa7 Rd2 21. Rb1 f5 22.
Be3 Rc2 23. g3 b5 24. a3 Kf7 25.
Kf1 Ke6 26. Ke1 Bxc3+ 27. bxc3 Rxc3 28. Rxb5 Rxa3 29. Rc5 c3 30. Ke2 h5 31. h4 Kd6 32.
Rc8 Kd7 33. Rc4 Ke6 34. Kd3 Ra6 35. Rxc3 Rd6+ 36. Ke2 Ra6 37. Rb3 Kd5 38. Kf3 Ke5 39. Rb5+ 1-0

[Event "*** SCC Grand Prix: Titled Tuesday Blitz"]
[Site "Chess.com"]
[Date "2020.06.09"]
[Round "4"]
[White "DortmundCity"]
[Black "jefferyx"]
[Result "1-0"]
[WhiteElo "2602"]
[BlackElo "2903"]
[TimeControl "180+1"]
[EndTime "9:37:12 PDT"]
[Termination "DortmundCity won by resignation"]

1. e4 c5 2. Nf3 e6 3. d4 cxd4 4.
Nxd4 a6 5. Bd3 Bc5 6. Nb3 Ba7 7. Qg4 Nf6 8. Qg3 Nc6 9. e5 Nh5 10. Qh3 g6 11. g4 Ng7 12. Bh6 Rg8 13. f4 d6 14. Nc3 dxe5 15. O-O-O Bd7 16. Ne4 f5 17. Bg5 Qc7 18. Nf6+ Kf7 19. gxf5 gxf5 20. Be2 Nd4 21. Nxd4 Bxd4 22. Qxh7 Ba4 23. Bh5+ Ke7 24. Nd5+ 1-0

[Event "*** SCC Grand Prix: Titled Tuesday Blitz"]
[Site "Chess.com"]
[Date "2020.06.09"]
[Round "4"]
[White "PotapovaM"]
[Black "Meri-Arabidze"]
[Result "0-1"]
[WhiteElo "2452"]
[BlackElo "2648"]
[TimeControl "180+1"]
[EndTime "9:37:13 PDT"]
[Termination "Meri-Arabidze won by resignation"]

1. d4 d5 2. c4 e6 3. Nf3 Nf6 4.
g3 Bb4+ 5. Bd2 Be7 6. Bg2 O-O 7. O-O Nbd7 8. Qc2 Ne4 9. Bf4 c6 10. Nc3 g5 11. Be3 Nd6 12. cxd5 exd5 13. Rad1 Re8 14.
Ne5 f6 15. Nd3 Bf8 16. Nc5 Nxc5 17. dxc5 Nf5 18. Nxd5 cxd5 19. Bxd5+ Kh8 20. Be6 Bxe6 21. Rd7 Qxd7 0-1

[Event "*** SCC Grand Prix: Titled Tuesday Blitz"]
[Site "Chess.com"]
[Date "2020.06.09"]
[Round "4"]
[White "fridaywins"]
[Black "KhatanbaatarBazar"]
[Result "1/2-1/2"]
[WhiteElo "2216"]
[BlackElo "2465"]
[TimeControl "180+1"]
[EndTime "9:37:16 PDT"]
[Termination "Game drawn by agreement"]

1. e4 e5 2. Nf3 Nc6 3. Bb5 a6 4. Ba4 Nf6 5. O-O Be7 6. Re1 b5 7. Bb3 d6 8. c3 O-O 9. h3 Bb7 10. d4 Re8 11. d5 Na5 12. Bc2 c6 13. dxc6 Bxc6 14. Nbd2 Bf8 15. Nf1 h6 16. Ng3 Nc4 17. a4 d5 18. exd5 Qxd5 19. Qxd5 Bxd5 20. b3 Bxf3 21.
bxc4 Bc6 22. axb5 axb5 23. Rxa8 Rxa8 24. cxb5 Bxb5 25. Rxe5 Ra1 26. Re1 Nd5 27. Ne4 Bc4 28. Nd2 Ba2 29. c4 Nb4 30. Be4 g6 31. Nf3 Bxc4 32. Bd2 Rxe1+ 33. Bxe1 Nd3 34. Bxd3 Bxd3 35. Bd2 Be4 36. Be3 g5 37. Nd2 Bd5 38. f4 f6 39.
fxg5 hxg5 40. Kf2 Kf7 41. g3 Kg6 42. h4 Kh5 43. hxg5 fxg5 44. Nf3 Be7 45. Nxg5 Bxg5 46. Bxg5 Kxg5 47. Ke3 1/2-1/2

[Event "*** SCC Grand Prix: Titled Tuesday Blitz"]
[Site "Chess.com"]
[Date "2020.06.09"]
[Round "4"]
[White "Fandorine"]
[Black "ftorodent"]
[Result "1-0"]
[WhiteElo "2897"]
[BlackElo "2663"]
[TimeControl "180+1"]
[EndTime "9:37:20 PDT"]
[Termination "Fandorine won by resignation"]

1. e4 e6 2. d4 d5 3. Nc3 Nf6 4. Bg5 dxe4 5. Nxe4 Nbd7 6. Nf3 h6 7. Nxf6+ Nxf6 8.
Bxf6 Qxf6 9. Bb5+ c6 10. Bd3 Bd6 11. Qe2 Bd7 12. O-O O-O 13. Rad1 Rfd8 14. Ne5 c5 15. Nxd7 Rxd7 16. dxc5 Bxc5 17. Bh7+ Kxh7 18. Qe4+ g6 19. Rxd7 Kg7 20. Qxb7 Rf8 21. c3 Qf5 22. Rd2 Qf4 23.
Rfd1 Rb8 24. Qf3 1-0

[Event "*** SCC Grand Prix: Titled Tuesday Blitz"]
[Site "Chess.com"]
[Date "2020.06.09"]
[Round "4"]
[White "MF1966Idrisov"]
[Black "chessplayer9919"]
[Result "0-1"]
[WhiteElo "2282"]
[BlackElo "2523"]
[TimeControl "180+1"]
[EndTime "9:37:20 PDT"]
[Termination "chessplayer9919 won by resignation"]

1. Nf3 d5 2. b3 c5 3. Bb2 Nc6 4.
e3 Bd7 5. d4 Nf6 6. Bd3 e6 7. Nbd2 Bd6 8. O-O O-O 9. Ne5 Qc7 10. f4 cxd4 11. exd4 Nb4 12. Ndf3 Nxd3 13. Qxd3 Ne4 14. Nd2 f5 15. Ndf3 b5 16. Rac1 b4 17. Nxd7 Qxd7 18. c4 bxc3 19. Bxc3 Bxf4 20. Rc2 Rac8 21.
Bb4 Rxc2 22. Qxc2 Be3+ 23. Kh1 Qb5 24. Re1 Nf2+ 25. Kg1 Ng4+ 26. Kh1 Qxb4 27. h3 Nf2+ 28. Kg1 f4 0-1

[Event "*** SCC Grand Prix: Titled Tuesday Blitz"]
[Site "Chess.com"]
[Date "2020.06.09"]
[Round "4"]
[White "Omk124"]
[Black "Mbneu"]
[Result "1-0"]
[WhiteElo "2429"]
[BlackElo "2222"]
[TimeControl "180+1"]
[EndTime "9:37:20 PDT"]
[Termination "Omk124 won by resignation"]

1. e4 c5 2. Nf3 Nf6 3. Nc3 d5 4. e5 Nfd7 5. Nxd5 Nxe5 6. Bb5+ Nec6 7. Ne3 a6 8. Be2 Nd4 9. O-O Nbc6 10. b3 g6 11. Bb2 Bg7 12. Nxd4 cxd4 13. Nc4 O-O 14. d3 e5 15. a4 Be6 16. Bf3 Rb8 17. Ba3 Re8 18.
Nd6 Re7 19. Nxb7 Rexb7 20. Bxc6 Rc7 21. Bf3 Rbc8 22. Rc1 Bf8 23. Bxf8 Qxf8 24. Qe2 f6 25. Rfe1 Qb4 26. Bg4 Bxg4 27. Qxg4 Rxc2 28. Qxc8+ Rxc8 29. Rxc8+ Kg7 30. Rb1 Qd2 31. b4 Qxd3 32. Rcc1 e4 33. b5 axb5 34. axb5 e3 35. fxe3 dxe3 36. b6 e2 37. b7 1-0

[Event "*** SCC Grand Prix: Titled Tuesday Blitz"]
[Site "Chess.com"]
[Date "2020.06.09"]
[Round "4"]
[White "GM_Buhmann"]
[Black "2L8IWUN"]
[Result "0-1"]
[WhiteElo "2732"]
[BlackElo "2557"]
[TimeControl "180+1"]
[EndTime "9:37:21 PDT"]
[Termination "2L8IWUN won by resignation"]

1. Nf3 d5 2. d4 Nf6 3. c4 e6 4. Nc3 Nbd7 5. cxd5 exd5 6. Bf4 c6 7.
e3 Nh5 8. Be5 Nxe5 9. Nxe5 g6 10.
Bd3 Be7 11. O-O O-O 12. Rb1 a5 13. a3 Ng7 14. b4 axb4 15. axb4 Bf5 16. b5 c5 17.
Bxf5 Nxf5 18. dxc5 Bxc5 19. Qxd5 Qe7 20. Nf3 Bxe3 21.
Rfe1 Rfd8 22. Qe5 Qxe5 23. Nxe5 Bd2 24. Ne4 Bxe1 25. Rxe1 Kg7 26. Nc5 Rd5 27. Nxb7 Re8 28. f4 f6 29. Nf3 Rxe1+ 30. Nxe1 Rxb5 31. Nd8 Rb6 32. g4 Nd4 33. Kf2 Kf8 0-1

[Event "*** SCC Grand Prix: Titled Tuesday Blitz"]
[Site "Chess.com"]
[Date "2020.06.09"]
[Round "4"]
[White "LawrenceTrent"]
[Black "RobertoJBM"]
[Result "0-1"]
[WhiteElo "2527"]
[BlackElo "2730"]
[TimeControl "180+1"]
[EndTime "9:37:21 PDT"]
[Termination "RobertoJBM won by resignation"]

1. d4 d5 2. Nc3 Nf6 3. Bf4 a6 4. e3 e6 5. g4 Bd6 6. Qf3 Bxf4 7. Qxf4 Qd6 8. h3 Qxf4 9. exf4 Nfd7 10. O-O-O c5 11.
Nge2 Nc6 12. Bg2 O-O 13. f5 cxd4 14. Nxd4 Nxd4 15. Rxd4 Nf6 16. fxe6 fxe6 17. Re1 Bd7 18. Rdd1 Rae8 19. f4 Bc6 20. Ne2 Kf7 21. Nd4 Re7 22. Rd2 Rfe8 23. Rde2 Nd7 24. c4 Nb6 25. c5 Nd7 26. b4 g6 27. Kb2 e5 28. f5 exd4 29. fxg6+ hxg6 30. Rxe7+ Rxe7 31. Rxe7+ Kxe7 32. Bf1 Ne5 33. Kb3 Bb5 0-1

[Event "*** SCC Grand Prix: Titled Tuesday Blitz"]
[Site "Chess.com"]
[Date "2020.06.09"]
[Round "4"]
[White "Luibov_AN"]
[Black "Bubachess1608"]
[Result "0-1"]
[WhiteElo "2111"]
[BlackElo "2301"]
[TimeControl "180+1"]
[EndTime "9:37:23 PDT"]
[Termination "Bubachess1608 won by resignation"]

1. d4 Nf6 2. c4 e6 3. Nf3 c5 4. Nc3 cxd4 5. Nxd4 a6 6. e3 Qc7 7. b3 Bb4 8. Bb2 d5 9. Rc1 dxc4 10. Bxc4 O-O 11. Bd3 Nc6 12. O-O e5 13. Nf5 Bxf5 14. Bxf5 Rad8 15. Qf3 Qe7 16. Qh3 g6 17. Bb1 Rd2 18. Ba1 Rfd8 19. Qh4 Qe6 20. h3 Ba3 21. Rce1 Be7 22. Qa4 Nb4 23. Ne4 Nxe4 24. Bxe4 Nc2 25. Bxc2 Rxc2 26. Qa5 Rc5 27. Qb6 Qxb6 0-1

[Event "*** SCC Grand Prix: Titled Tuesday Blitz"]
[Site "Chess.com"]
[Date "2020.06.09"]
[Round "4"]
[White "Enriquack"]
[Black "Panterov"]
[Result "1-0"]
[WhiteElo "2413"]
[BlackElo "2146"]
[TimeControl "180+1"]
[EndTime "9:37:27 PDT"]
[Termination "Enriquack won by resignation"]

1. e4 d6 2. d4 g6 3. Nf3 Bg7 4.
Bc4 Nf6 5. Qe2 O-O 6. O-O a6 7. e5 dxe5 8. dxe5 Nd5 9. h3 b5 10. Bb3 Bb7 11. Rd1 e6 12. Bg5 Qc8 13. Nbd2 h6 14. Bh4 Nd7 15. Ne4 Nxe5 16. Nxe5 Bxe5 17. Bxd5 Bxd5 18. Nf6+ Bxf6 19. Bxf6 Kh7 20. Rd4 Qb7 21. Qe3 h5 22. Rh4 Bxg2 23. Rxh5+ gxh5 24. Qg5 1-0

[Event "*** SCC Grand Prix: Titled Tuesday Blitz"]
[Site "Chess.com"]
[Date "2020.06.09"]
[Round "4"]
[White "LiemLe"]
[Black "AliKa2810"]
[Result "1-0"]
[WhiteElo "2901"]
[BlackElo "2585"]
[TimeControl "180+1"]
[EndTime "9:37:29 PDT"]
[Termination "LiemLe won by resignation"]

1. c4 Nf6 2. Nc3 g6 3. e4 d6 4. d4 Bg7 5. h3 O-O 6. Nf3 e5 7. d5 Nh5 8. g3 f5 9. exf5 gxf5 10. Nh4 Nf4 11. Be3 Na6 12. gxf4 Qxh4 13. Qd2 Nc5 14. Rg1 Qe7 15. fxe5 Qxe5 16. O-O-O Kh8 17.
Rxg7 Qxg7 18. Bd4 Rf6 19. Nb5 Ne4 20. Qf4 a6 21. f3 axb5 22. fxe4 Rxa2 23. Qh4 Ra1+ 24.
Kc2 Rxd1 25. Bxf6 Rxf1 26. Qg5 Rg1 27. Bxg7+ Kg8 28. Qxg1 1-0

[Event "*** SCC Grand Prix: Titled Tuesday Blitz"]
[Site "Chess.com"]
[Date "2020.06.09"]
[Round "4"]
[White "harkerchess"]
[Black "Charlottemillard17"]
[Result "1-0"]
[WhiteElo "2028"]
[BlackElo "1503"]
[TimeControl "180+1"]
[EndTime "9:37:32 PDT"]
[Termination "harkerchess won by checkmate"]

1. d4 g6 2. c4 Nf6 3. Nc3 Bg7 4. e4 d6 5. Nf3 Nbd7 6. h3 O-O 7. Be2 Re8 8. g4 e5 9. d5 b6 10. Nd2 Nc5 11. g5 Nfd7 12. b4 Na6 13. a3 Qxg5 14. Nf3 Qd8 15. h4 Nf6 16. h5 Nxh5 17. Ng5 Nf4 18.
Nxh7 Nh3 19. Bg4 Bxg4 20. Qxg4 Nf4 21. Ng5 Nh5 22. Rxh5 gxh5 23. Qxh5 Kf8 24. Qxf7# 1-0

[Event "*** SCC Grand Prix: Titled Tuesday Blitz"]
[Site "Chess.com"]
[Date "2020.06.09"]
[Round "4"]
[White "temus_galaktionov"]
[Black "Generalas"]
[Result "1-0"]
[WhiteElo "2713"]
[BlackElo "2379"]
[TimeControl "180+1"]
[EndTime "9:37:33 PDT"]
[Termination "temus_galaktionov won by resignation"]

1. d4 Nf6 2. Nf3 e6 3. c4 c5 4. d5 b5 5. Bg5 Qa5+ 6. Nbd2 bxc4 7.
Bxf6 gxf6 8. e4 f5 9. Bxc4 fxe4 10. Ng5 Bh6 11. Nxe4 Bxd2+ 12. Qxd2 Qxd2+ 13. Kxd2 Bb7 14.
Nd6+ Ke7 15. Nxb7 d6 16. dxe6 fxe6 17. Rhe1 e5 18. f4 Nd7 19. Bd5 Rab8 20. b3 Nf6 21. Bf3 e4 22. Bxe4 Nxe4+ 23. Rxe4+ Kd7 24. Na5 Rb5 25. Ra4 Re8 26. Re1 Rxe1 27. Kxe1 d5 28. Kd2 Kc7 29.
f5 Kd6 30. g4 Ke5 31. Nc6+ Kd6 32. Nxa7 Rb7 33. Ke3 Re7+ 34. Kf4 Re2 35. f6 Rf2+ 36. Kg5 Ke5 37. Nc6+ Kd6 38. Ra6 d4 39. Nxd4+ 1-0

[Event "*** SCC Grand Prix: Titled Tuesday Blitz"]
[Site "Chess.com"]
[Date "2020.06.09"]
[Round "4"]
[White "EvgenyRomanov"]
[Black "TigranMukhutdinov"]
[Result "1-0"]
[WhiteElo "2666"]
[BlackElo "2472"]
[TimeControl "180+1"]
[EndTime "9:37:34 PDT"]
[Termination "EvgenyRomanov won by resignation"]

1. Nf3 Nf6 2. b3 g6 3. Bb2 Bg7 4. e3 O-O 5. d4 b6 6. c4 Bb7 7.
Be2 d5 8. O-O e6 9. Nc3 Nbd7 10.
Rc1 c5 11. cxd5 Nxd5 12. Nxd5 Bxd5 13. Qd2 Rc8 14. Rfd1 cxd4 15. Rxc8 Qxc8 16. Bxd4 Bxd4 17. Nxd4 Qb7 18. f3 e5 19. Nb5 Be6 20. Rc1 a6 21. Nc7 Nc5 22. Qd6 Qb8 23. b4 Rd8 24. Qxe5 Nd3 25.
Bxd3 Rxd3 26. Nxe6 1-0

[Event "*** SCC Grand Prix: Titled Tuesday Blitz"]
[Site "Chess.com"]
[Date "2020.06.09"]
[Round "4"]
[White "elohunter1999"]
[Black "GiorgianBarbosa"]
[Result "1-0"]
[WhiteElo "2479"]
[BlackElo "2330"]
[TimeControl "180+1"]
[EndTime "9:37:34 PDT"]
[Termination "elohunter1999 won by resignation"]

1. e4 c5 2. Nf3 g6 3. d4 cxd4 4. Nxd4 Bg7 5. Nc3 Nc6 6. Be3 Nf6 7. Bc4 O-O 8. Bb3 Re8 9. Nxc6 dxc6 10. Qxd8 Rxd8 11. a4 Ng4 12. Bg5 Kf8 13. f3 Ne5 14. a5 Nd7 15. Rd1 Bf6 16. Bh6+ Ke8 17. O-O b6 18. Rd2 Bb7 19. Rfd1 Ne5 20. Be3 Rxd2 21. Rxd2 c5 22. Bh6 e6 23. f4 Ng4 24. Ba4+ Ke7 25. Rd7+ Ke8 26. Rxb7+ Kd8 1-0

[Event "*** SCC Grand Prix: Titled Tuesday Blitz"]
[Site "Chess.com"]
[Date "2020.06.09"]
[Round "4"]
[White "amatatanav"]
[Black "DenLaz"]
[Result "0-1"]
[WhiteElo "2424"]
[BlackElo "2640"]
[TimeControl "180+1"]
[EndTime "9:37:36 PDT"]
[Termination "DenLaz won on time"]

1. e4 e5 2. Bc4 Nf6 3. d3 Bc5 4. Nc3 d6 5. f4 O-O 6. Nf3 c6 7.
fxe5 dxe5 8. Bg5 Qd6 9. Qd2 b5 10. Bb3 Nbd7 11. O-O-O a5 12. a4 Bb4 13. Kb1 Nc5 14.
axb5 a4 15. Ba2 a3 16. d4 Ncxe4 17. Nxe4 Nxe4 18. Qe3 Nxg5 19. dxe5 Qc7 20. Nxg5 axb2 21. Qb3 Rxa2 22. Qxa2 h6 23. Ne4 Be6 0-1

[Event "*** SCC Grand Prix: Titled Tuesday Blitz"]
[Site "Chess.com"]
[Date "2020.06.09"]
[Round "4"]
[White "HElissalt"]
[Black "DaggiGretarsson"]
[Result "0-1"]
[WhiteElo "2215"]
[BlackElo "2594"]
[TimeControl "180+1"]
[EndTime "9:37:40 PDT"]
[Termination "DaggiGretarsson won by resignation"]

1. d4 g6 2. g3 Bg7 3. Bg2 d5 4. Nh3 c6 5. Nf4 Nf6 6. c3 Nbd7 7. Nd3 b6 8. Nd2 Ba6 9. Nf3 O-O 10. O-O Ne4 11. Bf4 c5 12. Nfe5 Nxe5 13. Nxe5 Rc8 14. Re1 Bb7 15. Qa4 a6 16. Rad1 cxd4 17. Bxe4 dxe4 18. Rxd4 Qe8 19. Qd7 Ba8 20. Qxe8 Rfxe8 21. Rd7 g5 22. Bxg5 Bxe5 23. Bxe7 Bc6 24. Ra7 Bb8 0-1

[Event "*** SCC Grand Prix: Titled Tuesday Blitz"]
[Site "Chess.com"]
[Date "2020.06.09"]
[Round "4"]
[White "VALPARAISO37"]
[Black "Flawless_Fighter"]
[Result "1-0"]
[WhiteElo "2406"]
[BlackElo "2602"]
[TimeControl "180+1"]
[EndTime "9:37:50 PDT"]
[Termination "VALPARAISO37 won by resignation"]

1. d4 Nf6 2. c4 e6 3. Nc3 d5 4. Bg5 h6 5. Bxf6 Qxf6 6. cxd5 exd5 7. Nxd5 Qd6 8. e4 c6 9. Nc3 g6 10. h3 Bg7 11. Nf3 O-O 12. Bc4 b5 13. Bb3 b4 14.
Ne2 a5 15. O-O Ba6 16. Rc1 Re8 17. e5 Qd7 18. Re1 Bb5 19. Nf4 Qf5 20. Qd2 a4 21. g4 Qc8 22. Bd5 Qa6 23. Be4 Nd7 24. e6 Nf8 25.
exf7+ Kxf7 26. Qxb4 Rad8 27. Qc3 Rd6 28. Qc2 Rde6 29.
Ne5+ Bxe5 30. dxe5 Rxe5 31. Bxg6+ Kg7 32. Nh5+ Kh8 33.
Bxe8 1-0

[Event "*** SCC Grand Prix: Titled Tuesday Blitz"]
[Site "Chess.com"]
[Date "2020.06.09"]
[Round "4"]
[White "chargemax23"]
[Black "BillieKimbah"]
[Result "1-0"]
[WhiteElo "2703"]
[BlackElo "2865"]
[TimeControl "180+1"]
[EndTime "9:37:52 PDT"]
[Termination "chargemax23 won by resignation"]

1. c4 e5 2. Nc3 Nf6 3. Nf3 Nc6 4. e4 d6 5. h3 g6 6. d3 Bg7 7. Be3 O-O 8. Qd2 Nd7 9. Bh6 Nc5 10. O-O-O a6 11. Bxg7 Kxg7 12. d4 exd4 13. Nxd4 Ne6 14. Nc2 Nc5 15. g4 b5 16. cxb5 axb5 17. Bxb5 Bb7 18.
Kb1 f6 19. f4 Na7 20. Bd3 Nxd3 21. Qxd3 Nc6 22. h4 Qd7 23. Rdg1 Ba6 24. Qd2 Na5 25. Ne3 Nc4 26. Nxc4 Bxc4 27. Qd4 Qf7 28. a3 Rfb8 29. Kc1 Rb3 30. h5 Rab8 31. Rh2 gxh5 32. g5 Be6 33.
gxf6+ Kh8 34. Rg7 Qf8 35. Rxh5 Bg8 36. Rxc7 Rxb2 37. f7+ 1-0

[Event "*** SCC Grand Prix: Titled Tuesday Blitz"]
[Site "Chess.com"]
[Date "2020.06.09"]
[Round "4"]
[White "eljanov"]
[Black "BlackBoarder"]
[Result "1-0"]
[WhiteElo "2822"]
[BlackElo "2649"]
[TimeControl "180+1"]
[EndTime "9:37:53 PDT"]
[Termination "eljanov won by resignation"]

1. e4 e6 2. d4 d5 3. e5 c5 4. c3 Nc6 5. Nf3 Bd7 6. Be2 f6 7. O-O fxe5 8. Nxe5 Nxe5 9. dxe5 Qc7 10.
Bf4 O-O-O 11. a4 Ne7 12. Na3 a6 13. Nb5 axb5 14. axb5 Qb6 15. c4 dxc4 16. Ra8+ Kc7 17. Qd6+ Qxd6 18. exd6+ Kb6 19. Rxd8 Ng6 20. Rxd7 Nxf4 21.
Bxc4 g5 22. g3 Ng6 23. Re1 e5 24. Bd5 Ka5 25. Ra1+ Kb4 26. b6 c4 27. Ra8 Kc5 28.
Be4 Bxd6 29. Rxh8 Nxh8 30. Rxh7 Kxb6 31. Rxh8 Bc5 32. Rh7 Bd4 33. Rxb7+ Kc5 34. h4 gxh4 35. gxh4 c3 36. bxc3 1-0

[Event "*** SCC Grand Prix: Titled Tuesday Blitz"]
[Site "Chess.com"]
[Date "2020.06.09"]
[Round "4"]
[White "stolencandy13"]
[Black "Zurability"]
[Result "1/2-1/2"]
[WhiteElo "2491"]
[BlackElo "2681"]
[TimeControl "180+1"]
[EndTime "9:37:53 PDT"]
[Termination "Game drawn by repetition"]

1. e4 c5 2. Nf3 d6 3. d4 cxd4 4. Nxd4 Nf6 5. Nc3 a6 6. h3 e5 7.
Nde2 h5 8. g3 Be7 9. Bg2 b5 10.
Bg5 Nbd7 11. Bxf6 Nxf6 12. Nd5 Nxd5 13. Qxd5 Be6 14. Qd2 h4 15. g4 Bg5 16. f4 exf4 17.
Nxf4 Qf6 18. O-O Qxb2 19. Qxd6 Rd8 20. Qc6+ Bd7 21. Qd5 Bxf4 22. Rxf4 Qxa1+ 23. Rf1 Qxf1+ 24. Bxf1 O-O 25. Bd3 Be6 26. Qg5 Bxa2 27. e5 Bc4 28. Bf5 Rd1+ 29. Kh2 Rfd8 30. Qxh4 g6 31. Qg5 Kf8 32.
Qh6+ Kg8 33. Qg5 Kh7 34. Qh4+ Kg7 35. Qf6+ Kg8 36. Qg5 1/2-1/2

[Event "*** SCC Grand Prix: Titled Tuesday Blitz"]
[Site "Chess.com"]
[Date "2020.06.09"]
[Round "4"]
[White "Oligan22"]
[Black "shineatchess"]
[Result "1-0"]
[WhiteElo "2400"]
[BlackElo "2180"]
[TimeControl "180+1"]
[EndTime "9:37:53 PDT"]
[Termination "Oligan22 won by checkmate"]

1. e4 e5 2. Nf3 Nc6 3. Nc3 Nf6 4.
Be2 d5 5. exd5 Nxd5 6. O-O Be7 7. d3 O-O 8. Re1 Be6 9. h3 f5 10. Bf1 Bf6 11. Nxd5 Bxd5 12. c4 Bxf3 13. Qxf3 Nd4 14. Qd1 f4 15. Bd2 Qd6 16. Bc3 Rad8 17. Re4 Nf5 18. Qe1 Rfe8 19. Rd1 Re7 20. Be2 Qb6 21. b4 c5 22. bxc5 Qxc5 23. Bb4 Qb6 24. Bxe7 Nxe7 25.
Bg4 Kf7 26. Rxe5 Bxe5 27. Qxe5 Rd6 28. Qxf4+ Rf6 29. Qe5 Qxf2+ 30. Kh1 h6 31. Re1 Nc6 32. Qe8# 1-0

[Event "*** SCC Grand Prix: Titled Tuesday Blitz"]
[Site "Chess.com"]
[Date "2020.06.09"]
[Round "4"]
[White "kot60"]
[Black "korbul"]
[Result "1/2-1/2"]
[WhiteElo "2357"]
[BlackElo "2514"]
[TimeControl "180+1"]
[EndTime "9:37:55 PDT"]
[Termination "Game drawn by repetition"]

1. e4 c5 2. Nc3 Nc6 3. Bc4 e6 4. d3 a6 5. a4 Nf6 6. Nge2 d5 7. exd5 exd5 8. Bb3 Be6 9. O-O Bd6 10. h3 O-O 11.
Bg5 h6 12. Bxf6 Qxf6 13. Bxd5 Bxd5 14. Nxd5 Qe5 15. Nef4 g5 16. Re1 Qxb2 17. Nh5 Be5 18. Qf3 f5 19. Rab1 Qd4 20. Rxb7 Rae8 21. Kf1 g4 22.
Ndf6+ Bxf6 23. Qxc6 Rxe1+ 24. Kxe1 Qe5+ 25. Kf1 Qa1+ 26.
Ke2 Qe5+ 27. Kf1 Qa1+ 28. Ke2 Qe5+ 29. Kf1 1/2-1/2